 Dungeon Crawl Stone Soup version bcrawl-1.40.2 (webtiles) character file.

Game seed: 15692920997000605422

24131901 Artagas the Axe Maniac (level 26, 257/257 HPs)
             Began as a Minotaur Chaos Knight on Nov 9, 2023.
             Was a Follower of Uskayaw.
             Escaped with the Orb
             ... and 4 runes on Nov 10, 2023!
             The game lasted 02:37:41 (46177 turns).

Artagas the Axe Maniac (Minotaur Chaos Knight)     Turns: 46177, Time: 02:37:41

Health: 257/257    AC: 45    Str: 37    XL:     26   Next: 17%
Magic:  55/55      EV: 27    Int:  9    God:    Uskayaw [*.....]
Gold:   3942       SH:  4    Dex: 19    Spells: 25/25 levels left

rFire    + . .     GDR:     43% K - +9 executioner's axe (vamp)
rCold    . . .     SeeInvis +   (shield currently unavailable)
rNeg     + + .     Gourm    .   D - +8 plate armour "Hutol" {+Inv Str+7 Dex+3}
rPois    .         Faith    .   M - +2 hat of the Bear Spirit {Spirit, +Rage rN+ MR++}
rElec    +         Spirit   +   B - +2 cloak of Generosity {*Contam rF+ rCorr Dex+5}
rCorr    +         Reflect  .   Q - +2 pair of gloves {archery}
MR       ++++.     Clarity  +   p - +2 pair of boots "Taon Hod" {rCorr MP+9}
Stlth    ..........             L - amulet of Bynog {Rage rElec MP+9}
HPRegen  0.52/turn              r - ring "Vech" {rN+ AC+5 Str+2}
MPRegen  0.34/turn              f - ring "Wiat" {MR+ SInv Stlth+}

@: studying Maces & Flails
A: retaliatory headbutt, claws 1, horns 2, talons 1, repulsion field 2, large
bone plates 1, blurry vision 2, clarity, deterioration 2, high mp 1, inhibited
regeneration
0: Orb of Zot
}: 4/15 runes: barnacled, slimy, silver, gossamer
a: Stomp, Renounce Religion, Evoke Berserk Rage, Evoke Invisibility


You escaped.
You worshipped Uskayaw.
Uskayaw was pleased with you.
You were very full.

You visited 11 branches of the dungeon, and saw 47 of its levels.
You also visited: Trove.

You collected 8821 gold pieces.
You spent 4879 gold pieces at shops.

Inventory:

Hand Weapons
 k - the +8 frozen axe "Frostbite" {freezing cloud, *Noise +Fly rC+}
   (You found it on level 5 of the Pits of Slime)

   It has been specially enchanted to freeze those struck by it, increasing
   damage dealt by approximately one third against foes not resistant or
   susceptible to cold, and potentially slowing cold-blooded foes.
   It protects you from cold.
   It lets you fly.
   It may make noises in combat.
 K - a +9 vampiric executioner's axe (weapon)
   (You acquired it on level 2 of the Dungeon)
Missiles
 E - 11 throwing nets {=f}
 N - 611 javelins of penetration {=f}
 P - 592 javelins
 R - 148 steel javelins (quivered)
Armour
 p - the +2 pair of boots "Taon Hod" (worn) {rCorr MP+9}
   (You found it on level 3 of the Spriggan Forest)

   It affects your magic capacity (+9).
   It provides partial protection from all sources of acid and corrosion.
 B - the +2 cloak of Generosity (worn) {*Contam rF+ rCorr Dex+5}
   (You bought it in a shop on level 2 of the Shoals)

   It affects your dexterity (+5).
   It protects you from fire.
   It causes magical contamination when unequipped.
   It provides partial protection from all sources of acid and corrosion.
 C - the +9 plate armour of the Bouncing Lovers {rC+ rN+}
   (You took it off a deep elf high priest on level 3 of the Vaults)

   It protects you from cold.
   It protects you from negative energy.
 D - the +8 plate armour "Hutol" (worn) {+Inv Str+7 Dex+3}
   (You found it on level 3 of the Shoals)

   It affects your strength (+7).
   It affects your dexterity (+3).
   It lets you turn invisible.
 M - the +2 hat of the Bear Spirit (worn) {Spirit, +Rage rN+ MR++}
   (You found it in a treasure trove)

   It protects you from negative energy.
   It affects your resistance to hostile enchantments.
   It lets you go berserk.
 Q - a +2 pair of gloves of archery (worn)
   (You found it in a treasure trove)
 S - the +4 dragonskin cloak
   (You took it off Tiamat on level 3 of the Realm of Zot)
 T - the +1 cloak of Mipoeg {Slay+6}
   (You found it on level 3 of the Spider Nest)

   It affects your accuracy and damage with ranged weapons and melee attacks
   (+6).
Jewellery
 c - an uncursed ring of protection from cold
   (You found it on level 1 of the Spriggan Forest)
 f - the ring "Wiat" (right hand) {MR+ SInv Stlth+}
   (You bought it in a shop on level 1 of the Depths)

   [ring of see invisible]

   It affects your resistance to hostile enchantments.
   It lets you see invisible.
   It makes you more stealthy.
 j - the ring "Woewniam" {rPois Str+3 Dex+4}
   (You bought it in a shop in the Orcish Mines)

   [ring of poison resistance]

   It affects your strength (+3).
   It affects your dexterity (+4).
   It protects you from poison.
 n - the amulet "Efavucuf" {Acrobat *Drain rPois SInv}
   (You acquired it on level 3 of the Realm of Zot)

   [amulet of the acrobat]

   It helps you evade while moving and waiting.
   It protects you from poison.
   It lets you see invisible.
   It causes draining when unequipped.
 r - the ring "Vech" (left hand) {rN+ AC+5 Str+2}
   (You bought it in a shop in the Orcish Mines)

   [ring of protection]

   It affects your AC (+5).
   It affects your strength (+2).
   It protects you from negative energy.
 L - the amulet of Bynog (around neck) {Rage rElec MP+9}
   (You found it on level 5 of the Pits of Slime)

   [amulet of rage]

   It insulates you from electricity.
   It affects your magic capacity (+9).
 Y - a +5 ring of slaying
   (You found it on level 10 of the Dungeon)
Wands
 a - a wand of clouds (2)
   (You found it on level 5 of the Dungeon)
 l - a wand of charming (8)
   (You found it on level 4 of the Dungeon)
 v - a wand of digging (21)
   (You found it on level 5 of the Lair of Beasts)
 x - a wand of paralysis (35)
   (You found it on level 5 of the Lair of Beasts)
 X - a wand of acid (35)
   (You took it off Donald on level 2 of the Spider Nest)
 Z - a wand of iceblast (13)
   (You bought it in a shop in the Orcish Mines)
Scrolls
 t - 28 scrolls of teleportation
 u - a scroll of silence
 z - 8 scrolls of blinking
 A - 7 scrolls of fog
 U - 6 scrolls of immolation
 W - 4 scrolls of fear
Potions
 d - 4 potions of might
 g - 6 potions of flight
 h - 3 potions of haste
 i - a potion of invisibility
 o - 4 potions of ambrosia
 q - 9 potions of curing
 s - 3 potions of agility
 w - 5 potions of heal wounds
 y - 2 potions of cancellation
 H - 4 potions of resistance
 I - 3 potions of berserk rage
 J - 5 potions of mutation
 O - 4 potions of lignification
Miscellaneous
 b - a lamp of fire
   (You found it on level 3 of the Spriggan Forest)
 m - a sack of spiders
   (You found it on level 2 of the Depths)
 F - 4 phantom mirrors
 G - 2 boxes of beasts
Comestibles
 e - 43 rations {!d}


   Skills:
 + Level 24.9 Fighting
 O Level 27 Axes
 + Level 14.5 Throwing
 + Level 19.4 Armour
 - Level 20.0 Dodging
 + Level 15.5 Invocations
 - Level 13.0 Evocations


You had 25 spell levels left.
You didn't know any spells.
Your spell library contained the following spells:

 Spells                   Type           Power        Failure   Level  Hunger
 Throw Frost              Conj/Ice       #.....       58%         2    ####...
 Apportation              Tloc           #.....       78%         1    None
 Beastly Appendage        Tmut           #.....       78%         1    None
 Corona                   Hex            #......      78%         1    None
 Freeze                   Ice            #.....       78%         1    None
 Infusion                 Chrm           #.......     78%         1    None
 Magic Dart               Conj           #...         78%         1    None
 Necrotize                Necr           #.....       78%         1    None
 Sandblast                Erth           #.....       78%         1    None
 Slow                     Hex            #.......     78%         1    None
 Static Discharge         Air            #.....       78%         1    None
 Summon Butterflies       Summ           #.......     78%         1    None
 Summon Small Mammal      Summ           #...         78%         1    None
 Blink                    Tloc           N/A          89%         2    ####...
 Call Imp                 Summ           #.....       89%         2    ####...
 Passwall                 Tmut/Erth      #.......     89%         2    ####...
 Poisonous Vapours        Pois/Air       #.....       89%         2    ####...
 Song of Slaying          Chrm           #.......     89%         2    ####...
 Sticks to Snakes         Tmut           #.......     89%         2    ####...
 Swiftness                Chrm/Air       #.......     89%         2    ####...
 Beckoning                Tloc           #.........   98%         3    #####..
 Call Canine Familiar     Summ           #.......     98%         3    #####..
 Confuse                  Hex            #.......     98%         3    #####..
 Conjure Flame            Conj/Fire      #.......     98%         3    #####..
 Dazzling Orbs            Conj/Hex       #......      98%         3    #####..
 Mephitic Cloud           Conj/Pois/Air  #.......     98%         3    #####..
 Ozocubu's Armour         Chrm/Ice       #.......     98%         3    #####..
 Recall                   Summ/Tloc      N/A          98%         3    #####..
 Regeneration             Chrm/Necr      #.........   98%         3    #####..
 Spectral Weapon          Hex/Chrm       #.......     98%         3    #####..
 Spider Form              Tmut/Pois      #..          98%         3    #####..
 Tukima's Dance           Hex            #.......     98%         3    #####..
 Vampiric Draining        Necr           #.........   98%         3    #####..
 Agony                    Necr           #.......     100%        4    ######.
 Airstrike                Air            #.........   100%        4    ######.
 Animate Dead             Necr           N/A          100%        4    ######.
 Ice Form                 Ice/Tmut       #.......     100%        4    ######.
 Petrify                  Tmut/Erth      #.........   100%        4    ######.
 Summon Ice Beast         Ice/Summ       #.......     100%        4    ######.
 Throw Icicle             Conj/Ice       #.......     100%        4    ######.
 Tree Form                Hex/Tmut       N/A          100%        4    ######.
 Yara's Violent Unravell  Hex/Tmut       #.........   100%        4    ######.
 Blade Hands              Tmut           #.........   100%        5    #######
 Bolt of Draining         Conj/Necr      #.........   100%        5    #######
 Dispel Undead            Necr           #.......     100%        5    #######
 Freezing Cloud           Ice/Air        #.......     100%        5    #######
 Metabolic Englaciation   Hex/Ice        #.........   100%        5    #######
 Silence                  Hex/Air        #.........   100%        5    #######
 Steam Barrier            Chrm/Fire      #.........   100%        5    #######
 Summon Demon             Summ           #.........   100%        5    #######
 Summon Forest            Summ/Tloc      #.........   100%        5    #######
 Summon Lightning Spire   Summ/Air       #.......     100%        5    #######
 Summon Mana Viper        Hex/Summ       #.......     100%        5    #######
 Aura of Abjuration       Summ           #.........   100%        6    #######
 Bolt of Cold             Conj/Ice       #.........   100%        6    #######
 Deflect Missiles         Chrm/Air       #.........   100%        6    #######
 Infestation              Hex/Tmut/Pois  #........    100%        6    #######
 Invisibility             Hex            #.......     100%        6    #######
 Iron Shot                Conj/Erth      #.........   100%        6    #######
 Poison Arrow             Conj/Pois      #.........   100%        6    #######
 Statue Form              Tmut/Erth      #........    100%        6    #######
 Blight                   Necr/Pois      #........    100%        7    #######
 Discord                  Hex            #.........   100%        7    #######
 Dragon Form              Tmut           #......      100%        7    #######
 Icicle Burst             Conj/Ice       #.........   100%        7    #######
 Mana Rupture             Conj/Hex       #.........   100%        7    #######
 Orb of Destruction       Conj           #.........   100%        7    #######
 Shadow Creatures         Summ           N/A          100%        7    #######
 Chain Lightning          Conj/Air       #.........   100%        8    #######
 Glaciate                 Conj/Ice/Air   #.........   100%        8    #######
 Ignition                 Hex/Fire       #.........   100%        8    #######
 Lehudib's Crystal Spear  Conj/Erth      #.........   100%        8    #######
 Necromutation            Tmut/Necr      #.......     100%        8    #######
 Tornado                  Tloc/Air       #.........   100%        8    #######
 Fire Storm               Fire           #.........   100%        9    #######


Dungeon Overview and Level Annotations

Branches:
Dungeon (12/12)            Temple (1/1) D:4            Lair (6/6) D:9
 Shoals (3/3) Lair:3       Spider (3/3) Lair:2        Slime (5/5) Orc
    Orc (1/1) D:8          Vaults (3/3) D:11         Forest (3/3) Lair:5
  Crypt (0/2) Vaults:1     Depths (5/5) D:12            Zot (5/5) Depths:5

Altars:
Ashenzari
Cheibriados
Dithmenos
Elyvilon
Fedhas
Gozag
Hepliaklqana
Kikubaaqudgha
Lugonu
Makhleb
Nemelex Xobeh
Okawaru
Qazlal
Ru
Sif Muna
Trog
Uskayaw
Vehumet
Wu Jian
Xom
Yredelemnul
Zin
The Shining One
Jiyva

Shops:
D:4 [   D:6 ?   D:7 (   Orc :(*[=!}!   Shoals:2 *[   Vaults:2 }   Depths:1 }=}*

Portals:
Hell: Depths:1 Depths:2 Depths:3
Pandemonium: Depths:1 Depths:2

Annotations:
D:1 exclusion: downstairs
Lair:1 Nergalle
Lair:3 ! trap generation bug happened here
Lair:5 3 runed translucent doors, Rhok's ghost, journeyman GnWn
Shoals:1 3 runed translucent doors, Mehrunes's ghost, journeyman DDFi
Depths:2 2 runed doors


Innate Abilities, Weirdness & Mutations

You reflexively headbutt those who attack you in melee.
You have a pair of horns on your head.
You have sharp fingernails.
You have sharp toenails.
You are surrounded by a moderate repulsion field. (EV +3)
You are partially covered in large bone plates. (SH +4)
Scrolls take you longer to read.
You possess an exceptional clarity of mind.
Your body often deteriorates upon taking damage.
You have an increased reservoir of magic. (+10% MP)
You do not regenerate when monsters are visible.


Message History

A rune on the stairs sparks and fizzles.
You climb upwards.
There is a stone staircase leading down here.
(D) Dungeon (T) Temple (L) Lair (A) Shoals (N) Spider Nest (M) Slime Pits (O) Orcish Mines (V) Vaults (F) Spriggan Forest (C) Crypt (U) Depths (H) Hell (Z) Zot
Where to? (Enter - D:1 @ (x,y), ? - help)
What level of the Dungeon? (default 1, ? - help)
There is an open door here.
A blizzard demon comes into view.
Unknown command.
Throwing (i - inventory. (/) - cycle)
R - 152 steel javelins (quivered)
Press: ? - help, Shift-Dir - straight line, f - blizzard demon
Aim: a blizzard demon You throw a steel javelin.
The steel javelin closely misses the blizzard demon.
Throwing (i - inventory. (/) - cycle)
R - 151 steel javelins (quivered)
Press: ? - help, Shift-Dir - straight line, f/p - blizzard demon
Aim: a blizzard demon You throw a steel javelin.
The steel javelin hits the blizzard demon but does no damage.
The blizzard demon gestures at you. The freezing cloud engulfs you!
Throwing (i - inventory. (/) - cycle)
R - 150 steel javelins (quivered)
Press: ? - help, Shift-Dir - straight line, f/p - blizzard demon
Aim: a blizzard demon You throw a steel javelin.
The steel javelin hits the blizzard demon!!!!
You kill the blizzard demon!
You are engulfed in freezing vapours.
You are engulfed in freezing vapours.
(D) Dungeon (T) Temple (L) Lair (A) Shoals (N) Spider Nest (M) Slime Pits (O) Orcish Mines (V) Vaults (F) Spriggan Forest (C) Crypt (U) Depths (H) Hell (Z) Zot
Where to? (Enter - D:1 @ (x,y), ? - help)
What level of the Dungeon? (default 1, ? - help) Magic restored.
There is an open door here.
HP restored.
A Shadow Fiend comes into view.
There is a stone staircase leading up here. "Try this."
You resist.
You are blasted with fire.
The Shadow Fiend gestures.
A rune on the stairs sparks and fizzles.
You climb upwards.
There is a stone staircase leading down here.
(D) Dungeon (T) Temple (L) Lair (A) Shoals (N) Spider Nest (M) Slime Pits (O) Orcish Mines (V) Vaults (F) Spriggan Forest (C) Crypt (U) Depths (H) Hell (Z) Zot
Where to? (Enter - D:1 @ (x,y), ? - help)
What level of the Dungeon? (default 1, ? - help) Magic restored.
HP restored.
There is a stone staircase leading up here.
You climb upwards.
Level annotation: exclusion: downstairs
There is a stone staircase leading down here.
A neqoxec comes into view.
The neqoxec shouts!
Throwing (i - inventory. (/) - cycle)
R - 149 steel javelins (quivered)
Press: ? - help, Shift-Dir - straight line, f - neqoxec
Aim: a neqoxec You throw a steel javelin.
The steel javelin hits the neqoxec!!!
You kill the neqoxec!
No target in view!
(D) Dungeon (T) Temple (L) Lair (A) Shoals (N) Spider Nest (M) Slime Pits (O) Orcish Mines (V) Vaults (F) Spriggan Forest (C) Crypt (U) Depths (H) Hell (Z) Zot
Where to? (Enter - D:1 @ (x,y), ? - help) As you open the door, it creaks loudly!
There is an open door here.
A blizzard demon comes into view.
Evoke which item? (* to show all) (? for menu, Esc to quit)
Aiming: Dig
Press: ? - help, Shift-Dir - straight line This square is covered in magical glow.
The rock shatters into small pieces.
You open the blizzard demon like a pillowcase!!!
The blizzard demon is heavily wounded.
The blizzard demon hits you but does no damage.
The blizzard demon misses you.
You slash the blizzard demon!
Your headbutt misses the blizzard demon.
The blizzard demon is severely wounded.
You block the blizzard demon's attack. The blizzard demon misses you.
You slice the blizzard demon!!
You kill the blizzard demon!
You can now do at least one heavy attack as you dance towards foes.
Uskayaw will link foes you attack so they share their pain.
You can no longer attack as you dance towards foes.
Uskayaw will no longer link foes you attack.
There is a staircase leading out of the dungeon here.
You eat one of the 44 rations {!d}.
That ration really hit the spot!
You have escaped!

# ##...#####.#......# #....... #
#..........#.####.# #....... #
#..#..######.####.# #....... #
#>.#..# #.....#.###.......
######)....#####.###.#.#.........
+......#.............#.###.#..#'#
########..........#..#.# #.#.##.#
# #..#.###.###..#.# #.#.##.# #
#....#...@.####.###.#.##.# ####
##...)#..##...##...#.#.##.# รท..#
#....#...####..###.#.#.##.#
...####.......## ##).##.#....#..
...'..'....#..# #..##.########
...####....#..## ##..#.........
...# #....##..### ##..###.......
...# #....##....###...###.......
...# #....###..........##.......


There were no monsters in sight!

Vanquished Creatures
  the Royal Jelly (Slime:5)
  Tiamat (Zot:3)
  3 orbs of fire (Zot:5)
  A juggernaut (Depths:4)
  4 ancient liches (Zot:5)
  14 golden dragons
  the Enchantress (D:12)
  3 Killer Klowns
  Bai Suzhen (Vaults:2)
  Sojobo (Vaults:2)
  A curse toe (Zot:5)
  Arachne (Spider:2)
  Saint Roka (Vaults:2)
  Frederick (Vaults:2)
  A pandemonium lord (Zot:5)
  A rockslime (Depths:2)
  2 electric golems (Zot:5)
  The ghost of Mehrunes the Brawler, an adept TrAc of Wu Jian (Vaults:2)
  2 liches
  Rupert (Lair:3)
  24 Orb Guardians
  9 tentacled monstrosities
  Asterion (Spider:2)
  A Hell Sentinel (Zot:5)
  10 wendigos
  3 quicksilver dragons
  19 acid blobs
  A quicksilver dragon (shapeshifter) (Shoals:3)
  2 titans (Vaults:3)
  4 death cobs
  2 Executioners
  Kirke (Lair:3)
  Donald (Spider:2)
  5 thorn hunters (Forest:3)
  4 sphinxes (Vaults:3)
  6 shadow dragons
  7 storm dragons
  8 tengu reavers
  3 draconian monks
  Ilsuiw (Shoals:3)
  17 azure jellies
  6 fire giants
  A draconian knight (Depths:5)
  5 war gargoyles
  4 frost giants
  A blood saint (D:11)
  An apis (Forest:1)
  2 emperor scorpions (Spider:3)
  2 balrugs
  3 warmongers
  18 vault wardens
  3 draconian stormcallers
  2 orc warlords
  3 ghost moths (Spider:3)
  A black sun (D:6)
  6 draconian annihilators
  2 angels
  13 very ugly things
  18 ironheart preservers
  7 spriggan defenders
  A draconian shifter (Zot:3)
  15 stone giants
  A draconian scorcher (Zot:3)
  5 green draconians
  A vampire knight (Depths:1)
  An entropy weaver (Spider:3)
  5 white draconians
  3 yellow draconians
  A minotaur (Shoals:1)
  A corrupter (Depths:2)
  12 dire elephants
  7 spark wasps
  4 black draconians
  2 blizzard demons
  4 purple draconians
  Azrael (Spider:2)
  2 crystal guardians
  5 merfolk javelineers
  3 red draconians
  Urug (Lair:3)
  12 ettins
  A deep elf high priest (Vaults:3)
  10 yaktaur captains
  Josephine (Shoals:1)
  5 fire dragons
  7 merfolk impalers
  10 hydras
  8 ice dragons
  The ghost of Wiheloh the Merchant of Misery, a journeyman FrNe of Kikubaaqudgha (Vaults:2)
  31 vault guards
  A merfolk avatar (Shoals:1)
  11 spriggan air magi
  A hell beast (D:5)
  4 catoblepae
  7 ogre magi
  4 anacondas
  4 death knights
  7 great orbs of eyes
  7 merfolk aquamancers (Shoals:3)
  4 shambling mangroves
  A shadow wraith (Vaults:3)
  Sonja (Lair:1)
  5 sea snakes
  23 two-headed ogres
  2 ancient automatons (Slime:3)
  6 deep troll shamans
  5 satyrs
  4 dancing weapons
  A queen ant (Lair:2)
  8 death oozes (Slime:5)
  5 deep troll earth magi
  3 ironheart beastmasters
  A shock serpent (Lair:6)
  4 orc high priests (Orc)
  A tengu warrior (D:11)
  26 death yaks
  3 alligator snapping turtles
  The ghost of tronn the Gouger, a journeyman FeMo of Uskayaw (Lair:6)
  5 spriggan berserkers
  5 deep elf knights
  4 soul eaters
  24 deep trolls
  A skeletal warrior (Vaults:1)
  A fire crab (Lair:4)
  3 sun demons (Depths:2)
  22 centaur warriors
  An iron troll (Depths:1)
  3 sixfirhies
  A flayed ghost (Vaults:1)
  A torturous demonspawn (D:6)
  A shadow demon (D:11)
  3 spriggan druids (Forest:3)
  3 glowing orange brains
  5 deep elf archers
  A cyclops (D:11)
  An orange crystal statue (Spider:1)
  6 wizards
  3 phantasmal warriors
  An obsidian statue (Zot:5)
  2 wolf spider zombies
  8 deep elf magi
  21 wolf spiders
  An orb spider (shapeshifter) (Depths:5)
  4 harpies (Shoals:3)
  7 shining eyes
  3 orc knights (Orc)
  11 ironheart convokers
  2 oklob plants
  13 orb spiders
  20 ugly things
  5 orc sorcerers (Orc)
  14 manticores
  7 fauns (Shoals:1)
  7 moths of wrath
  A salamander (Depths:2)
  A salamander (shapeshifter) (Vaults:1)
  8 elephants
  7 merfolk sirens
  5 water nymphs
  12 will-o'-wisps
  4 black mambas
  Joseph (D:10)
  2 torpor snails
  A guardian serpent (shapeshifter) (Depths:1)
  7 vault sentinels
  9 cane toads
  2 gargoyles (D:11)
  31 jumping spiders
  9 demonic crawlers
  2 freezing wraiths
  9 komodo dragons
  55 yaktaurs
  A tormentor (Zot:5)
  2 dryads (Forest:2)
  A hellwing (Depths:2)
  An eye of draining (D:11)
  A red devil (Depths:2)
  A queen bee (Lair:3)
  A wolf spider simulacrum (D:10)
  A tengu conjurer (D:11)
  19 merfolk
  4 trolls
  3 meliai (D:12)
  4 polar bears
  Grinder (D:4)
  2 wind drakes
  26 hornets
  88 slime creatures
  5 snapping turtles
  10 hippogriffs
  2 meliai zombies (D:10)
  34 blink frogs
  11 dream sheep
  A stone giant simulacrum (Vaults:1)
  3 harpy skeletons
  A wyvern (Lair:6)
  3 large abominations (Zot:2)
  Sigmund (D:2)
  55 yaks
  23 water elementals
  6 hogs (Lair:3)
  17 spriggans
  3 shadows
  4 wraiths
  20 tarantellas
  3 fire elementals (Spider:2)
  5 basilisks
  A golden eye (Slime:5)
  A chaos spawn (Zot:5)
  A neqoxec (D:1)
  4 hungry ghosts
  37 redbacks
  A yaktaur simulacrum (Vaults:1)
  A spatial vortex (Depths:5)
  3 wargs
  6 crocodiles
  7 water moccasins
  20 soldier ants (Lair:2)
  5 hell hounds
  8 porcupines
  A hornet zombie (D:11)
  36 orc warriors
  4 sky beasts
  3 ice beasts
  A phantom (D:9)
  5 wolves (Lair:6)
  19 ogres
  13 bullfrogs
  A kobold brigand (D:6)
  3 centaurs
  5 scorpions
  4 wights (D:7)
  36 killer bees
  8 electric eels
  18 orc priests
  A howler monkey (D:4)
  A jelly (D:11)
  6 crimson imps
  A bullfrog zombie (D:6)
  7 hounds
  3 bullfrog skeletons
  An iron imp (Depths:1)
  32 orc wizards
  5 iguanas
  30 worker ants
  A killer bee zombie (D:6)
  2 hound zombies
  A worker ant zombie (D:9)
  A howler monkey zombie (D:5)
  4 gnolls (D:5)
  11 adders
  3 shadow imps
  An ufetubus (Depths:1)
  2 adder skeletons
  An adder zombie (D:9)
  4 worms
  3 dart slugs
  5 leopard geckos
  100 orcs
  18 bats
  3 giant cockroaches
  9 goblins
  11 hobgoblins
  A jackal (D:5)
  14 kobolds
  2 quokkas
  5 frilled lizards
  7 rats
  A spectral orc (D:4)
  3 briar patches (Forest:3)
  2 fire vortices
  6 fungi
  8 plants
1897 creatures vanquished.

Vanquished Creatures (collateral kills)
  An orange crystal statue (Spider:2)
  An orc knight (Orc)
  An orb spider (Spider:2)
  A wolf spider (Spider:2)
  A rime drake (Lair:6)
  2 blink frogs
  2 yaks
  A basilisk (Lair:6)
  A hell hound (Spider:2)
  3 orc priests (Orc)
  3 orc wizards (Orc)
  A worker ant (D:5)
  An ooze (D:1)
  4 orcs (Orc)
23 creatures vanquished.

Vanquished Creatures (others)
  A stone giant (Depths:2)
  A green draconian (Depths:5)
  A shambling mangrove (Forest:3)
  A satyr (Shoals:1)
  An unseen horror (D:11)
  A phantasmal warrior (Depths:1)
  A faun (Shoals:1)
  4 moths of wrath (Zot:5)
  A water nymph (Lair:5)
  A troll (D:11)
  A human (Lair:3)
  An orc warrior (D:11)
  3 bullfrogs (D:11)
  3 worker ants
  3 briar patches (Forest:3)
  2 bushes (Lair:4)
  48 fungi
  51 plants
  6 withered plants (Vaults:2)
131 creatures vanquished.

Grand Total: 2051 creatures vanquished

Notes
Turn   | Place    | Note
-------+----------+-------------------------------------------
     0 | D:1      | Artagas the Minotaur Chaos Knight began the quest for the
                  | Orb.
     0 | D:1      | Reached XP level 1. HP: 19/19 MP: 0/0
   112 | D:1      | Reached skill level 4 in Fighting
   112 | D:1      | Reached skill level 4 in Axes
   112 | D:1      | Reached XP level 2. HP: 25/27 MP: 1/1
   148 | D:1      | XOM: harmless Summ miscast
   395 | D:1      | Reached XP level 3. HP: 27/34 MP: 2/2
   478 | D:1      | XOM: harmless Erth miscast
   667 | D:1      | XOM is BORED!
   667 | D:1      | XOM: silly message
   693 | D:1      | XOM: confuse monster(s)
   850 | D:1      | XOM is BORED!
   850 | D:1      | XOM: stat loss: -2 Str (15/17)
  1001 | D:2      | XOM: scenery: 1 doors open
  1074 | D:2      | Found a hazy altar of Hepliaklqana.
  1136 | D:2      | Noticed Sigmund
  1560 | D:3      | XOM: give mutation
  1560 | D:3      | Gained mutation: You are weak. (Str -2) [Xom's mischief]
  1603 | D:3      | XOM: medium Ice miscast
  1627 | D:3      | XOM: medium Tloc miscast
  1627 | D:3      | XOM: smoke on damage
  1629 | D:3      | XOM: divination: magic mapping
  1668 | D:3      | XOM: divination: detect creatures
  1810 | D:3      | Reached XP level 4. HP: 41/41 MP: 3/3
  1811 | D:3      | Reached skill level 5 in Fighting
  1811 | D:3      | Reached skill level 5 in Axes
  1886 | D:3      | Found a faded altar of an unknown god.
  1889 | D:3      | XOM: confuse monster(s)
  2317 | D:4      | Found a staircase to the Ecumenical Temple.
  2334 | Temple   | Entered the Ecumenical Temple
  2545 | Temple   | Fell from the grace of Xom
  2545 | Temple   | Became a worshipper of Uskayaw the Reveler
  2552 | Temple   | XOM: god gift: chain mail {god gift}
  2581 | D:4      | XOM: 2-stop teleportation journey
  2697 | D:4      | Found Ihax's Armour Shop.
  2698 | D:4      | XOM: divination: magic mapping
  2699 | D:4      | Reached * piety under Uskayaw
  2700 | D:4      | XOM: harmless Fire miscast
  2701 | D:4      | Reached ** piety under Uskayaw
  2702 | D:4      | Reached XP level 5. HP: 48/48 MP: 4/4
  2711 | D:4      | Bought a +0 pair of gloves for 45 gold pieces
  2790 | D:4      | Found a blossoming altar of Fedhas.
  2790 | D:4      | Found an iron altar of Okawaru.
  2797 | D:4      | Found an ornate altar of the Wu Jian Council.
  2804 | D:4      | Found an opulent altar of Gozag.
  2806 | D:4      | Found a shattered altar of Ashenzari.
  2839 | D:4      | XOM: 2-stop teleportation journey
  2912 | D:4      | XOM: 1-stop teleportation journey
  2956 | D:4      | Found a basalt altar of Yredelemnul.
  3306 | D:4      | XOM: fog
  3366 | D:4      | Noticed Grinder
  3366 | D:4      | XOM: enchant monster (good)
  3369 | D:4      | XOM: cleaving
  3374 | D:4      | XOM: cast spell 'Olgreb's Toxic Radiance'
  3374 | D:4      | Reached *** piety under Uskayaw
  3377 | D:4      | Reached **** piety under Uskayaw
  3380 | D:4      | Killed Grinder
  3380 | D:4      | Reached ***** piety under Uskayaw
  3381 | D:4      | Reached skill level 6 in Fighting
  3381 | D:4      | Reached skill level 6 in Axes
  3381 | D:4      | Reached XP level 6. HP: 52/58 MP: 5/5
  3562 | D:5      | Entered Level 5 of the Dungeon
  3612 | D:5      | XOM: cloud trail
  3668 | D:5      | Reached skill level 7 in Fighting
  3668 | D:5      | Reached skill level 7 in Axes
  3748 | D:4      | XOM: give mutations
  3748 | D:4      | Gained mutation: Your spells are a little harder to cast,
                  | but a little more powerful. [Xom's grace]
  3748 | D:4      | Gained mutation: You are agile. (Dex +2) [Xom's grace]
  3833 | D:5      | XOM: scenery: 2 doors close
  3917 | D:5      | Noticed a sky beast
  3938 | D:5      | Noticed a sky beast
  3961 | D:5      | Killed a sky beast
  3962 | D:5      | Reached skill level 3 in Armour
  3962 | D:5      | Reached skill level 2 in Dodging
  3962 | D:5      | Reached skill level 1 in Invocations
  3962 | D:5      | Reached skill level 1 in Evocations
  3962 | D:5      | Reached XP level 7. HP: 52/66 MP: 3/6
  4040 | D:5      | XOM: confuse monster(s)
  4041 | D:5      | XOM: divination: detect items
  4043 | D:5      | Reached skill level 2 in Invocations
  4179 | D:5      | Found a corrupted altar of Lugonu.
  4194 | D:5      | Found a glowing golden altar of the Shining One.
  4357 | D:5      | Reached skill level 2 in Evocations
  4365 | D:5      | XOM: god gift: 62 gold pieces
  4455 | D:5      | XOM: give mutations
  4455 | D:5      | Gained mutation: You are surrounded by a mild repulsion
                  | field. (EV +2) [Xom's grace]
  4455 | D:5      | Gained mutation: You are partially covered in yellow
                  | scales. (AC +2) [Xom's grace]
  4455 | D:5      | Gained mutation: You are very agile. (Dex +4) [Xom's grace]
  4455 | D:5      | Gained mutation: You are surrounded by a moderate repulsion
                  | field. (EV +3) [Xom's grace]
  4493 | D:5      | XOM: summons 4 friendly demons
  4495 | D:5      | Reached skill level 3 in Invocations
  4496 | D:5      | Reached skill level 3 in Evocations
  4594 | D:5      | Reached skill level 4 in Invocations
  4594 | D:5      | Reached XP level 8. HP: 73/73 MP: 8/10
  4862 | D:6      | Found a radiant altar of Vehumet.
  4968 | D:6      | XOM: harmless Fire miscast
  4975 | D:6      | Reached skill level 8 in Fighting
  4975 | D:6      | Reached skill level 8 in Axes
  4993 | D:6      | XOM: potion effect (agility)
  5024 | D:6      | XOM: 1-stop teleportation journey
  5032 | D:6      | XOM: potion effect (might)
  5058 | D:6      | Reached skill level 9 in Fighting
  5058 | D:6      | Reached skill level 9 in Axes
  5233 | D:6      | Got a steaming dagger
  5261 | D:6      | Found Vyudd's Magic Scroll Shoppe.
  5288 | D:6      | Reached skill level 4 in Armour
  5288 | D:6      | Reached skill level 3 in Dodging
  5288 | D:6      | Reached XP level 9. HP: 83/83 MP: 11/11
  5290 | D:6      | Bought a scroll of blinking for 90 gold pieces
  5290 | D:6      | Bought a scroll of identify for 24 gold pieces
  5290 | D:6      | Bought a scroll of identify for 24 gold pieces
  5290 | D:6      | Bought a scroll of teleportation for 36 gold pieces
  5290 | D:6      | Bought a scroll of identify for 24 gold pieces
  5290 | D:6      | Bought a scroll of fear for 60 gold pieces
  5290 | D:6      | Bought 2 scrolls of teleportation for 72 gold pieces
  5290 | D:6      | Bought 2 scrolls of identify for 48 gold pieces
  5356 | D:6      | Found a sand-covered staircase.
  5637 | D:7      | XOM: potion effect (agility)
  5641 | D:7      | Reached skill level 4 in Dodging
  5754 | D:7      | XOM is BORED!
  5754 | D:7      | XOM: harmless Chrm miscast
  5829 | D:7      | Found Voqo's Weapon Shop.
  5866 | D:7      | XOM: silly message
  5871 | D:7      | Found a shadowy altar of Dithmenos.
  5873 | D:7      | XOM: harmless Pois miscast
  5974 | D:7      | XOM: silly message
  6098 | D:7      | Reached skill level 10 in Fighting
  6262 | D:7      | XOM: silly message
  6311 | D:7      | XOM: god gift: 133 javelins of penetration
  6346 | D:7      | Reached skill level 10 in Axes
  6351 | D:7      | XOM: stat loss: -1 Str (17/18)
  6377 | D:7      | XOM: harmless Fire miscast
  6512 | D:8      | Reached skill level 5 in Invocations
  6555 | D:8      | Reached skill level 1 in Throwing
  6567 | D:8      | Noticed a two-headed ogre
  6568 | D:8      | XOM: confuse monster(s)
  6573 | D:8      | Killed a two-headed ogre
  6574 | D:8      | Reached skill level 3 in Throwing
  6735 | D:8      | XOM: cast spell 'Shadow Creatures'
  6739 | D:8      | Reached XP level 10. HP: 77/94 MP: 10/12
  6870 | D:8      | XOM: silly message
  7148 | D:8      | Found a staircase to the Orcish Mines.
  7406 | D:8      | Reached skill level 11 in Fighting
  7406 | D:8      | Reached skill level 11 in Axes
  7568 | D:8      | XOM: harmless Summ miscast
  8068 | D:6      | XOM is BORED!
  8068 | D:6      | XOM: noise
  8106 | D:5      | XOM: noise
  8306 | D:2      | Killed Sigmund
  8348 | D:2      | Identified a scroll of acquirement
  8350 | D:2      | Identified the amulet "Jahof" {Reflect rF+ SH+3} (You
                  | acquired it on level 2 of the Dungeon)
  8520 | D:2      | XOM: harmless Ice miscast
  8817 | D:9      | Reached skill level 5 in Armour
  8821 | D:9      | Reached skill level 6 in Armour
  8828 | D:9      | Reached ****** piety under Uskayaw
  8997 | D:9      | XOM is BORED!
  8997 | D:9      | XOM: noise
  9126 | D:9      | Reached skill level 4 in Throwing
  9126 | D:9      | Reached skill level 4 in Evocations
  9233 | D:8      | XOM: noise
  9284 | D:9      | Reached skill level 12 in Axes
  9290 | D:9      | XOM: potion effect (berserk rage)
  9521 | D:9      | XOM: potion effect (berserk rage)
  9625 | D:9      | Found a staircase to the Lair.
  9625 | D:9      | XOM: god gift: runed brass wand {god gift}
  9717 | D:9      | XOM is BORED!
  9717 | D:9      | XOM: mild Hex miscast
  9968 | D:9      | XOM: medium Conj miscast
  9974 | D:9      | Reached XP level 11. HP: 94/102 MP: 11/13
 10140 | D:9      | XOM: draining
 10189 | D:9      | Found a portal to a secret trove of treasure.
 10274 | Lair:1   | Entered Level 1 of the Lair of Beasts
 10284 | Lair:1   | XOM: polymorph yak -> blink frog
 10288 | Lair:1   | XOM: harmless Air miscast
 10294 | Lair:1   | Reached skill level 13 in Axes
 10388 | Lair:1   | Noticed Sonja
 10398 | Lair:1   | XOM: summons 6 friendly demons
 10402 | Lair:1   | Killed Sonja
 10403 | Lair:1   | Reached skill level 14 in Axes
 10538 | Lair:1   | Noticed an eight-headed hydra
 10541 | Lair:1   | XOM: enchant monster (good)
 10544 | Lair:1   | Killed an eight-headed hydra
 10579 | Lair:1   | XOM: scenery: create altars
 10707 | Lair:1   | XOM: scenery: create altars
 10804 | Lair:1   | XOM: god gift: black potion {god gift}
 10926 | Lair:1   | XOM: cloud trail
 10972 | Lair:1   | XOM: give mutations
 10972 | Lair:1   | Gained mutation: You can translocate small distances at
                  | will. [Xom's grace]
 10972 | Lair:1   | Gained mutation: You have sharp toenails. [Xom's grace]
 10972 | Lair:1   | Gained mutation: Your mind is acute. (Int +2) [Xom's grace]
 11089 | Lair:1   | Noticed Nergalle
 11177 | Lair:2   | Noticed a six-headed hydra
 11178 | Lair:2   | XOM: 1-stop teleportation journey
 11187 | Lair:2   | Found a hole to the Spider Nest.
 11187 | Lair:2   | XOM: 9-stop teleportation journey
 11208 | Lair:2   | XOM: cloud trail
 11261 | Lair:2   | Noticed a queen ant
 11268 | Lair:2   | Reached skill level 15 in Axes
 11273 | Lair:2   | XOM: 1-stop teleportation journey
 11477 | Lair:2   | XOM: fog
 11489 | Lair:2   | XOM: divine lightning
 11496 | Lair:2   | XOM: mild Fire miscast
 11537 | Lair:2   | Reached skill level 16 in Axes
 11538 | Lair:2   | XOM: swap monsters
 11539 | Lair:2   | XOM: potion effect (might)
 11547 | Lair:2   | XOM: harmless Fire miscast
 11551 | Lair:2   | XOM: fake destruction
 11561 | Lair:2   | Reached XP level 12. HP: 110/110 MP: 14/14
 11582 | Lair:2   | Reached skill level 17 in Axes
 11639 | Lair:2   | Killed a six-headed hydra
 11642 | Lair:2   | XOM: divination: detect items
 11649 | Lair:2   | XOM: confuse monster(s)
 11650 | Lair:2   | XOM: divination: detect items
 11660 | Lair:2   | Killed a queen ant
 11844 | Lair:2   | Reached skill level 18 in Axes
 12053 | Lair:2   | XOM: noise
 12100 | Lair:2   | XOM: harmless Pois miscast
 12120 | Lair:2   | XOM: potion effect (invisibility)
 12282 | Lair:3   | Noticed Kirke
 12292 | Lair:3   | Reached skill level 7 in Armour
 12292 | Lair:3   | Killed Kirke
 12295 | Lair:3   | Reached skill level 12 in Fighting
 12298 | Lair:3   | Reached skill level 8 in Armour
 12456 | Lair:3   | XOM: potion effect (invisibility)
 12457 | Lair:3   | XOM: summons 5 friendly demons
 12462 | Lair:3   | XOM: potion effect (haste)
 12463 | Lair:3   | Noticed Rupert
 12465 | Lair:3   | HP: 16/113 [water nymph/the raging water (33)]
 12542 | Lair:3   | XOM: mild Chrm miscast
 12551 | Lair:3   | Killed Rupert
 12552 | Lair:3   | Reached skill level 13 in Fighting
 12552 | Lair:3   | Reached XP level 13. HP: 117/122 MP: 15/15
 12575 | Lair:3   | XOM: divination: detect creatures
 12734 | Lair:3   | Noticed Urug
 12745 | Lair:3   | XOM: cast spell 'Dispersal'
 12759 | Lair:3   | Killed Urug
 12882 | Lair:3   | XOM: 5-stop teleportation journey
 12897 | Lair:3   | XOM: god gift: leather armour {god gift}
 12940 | Lair:3   | XOM: potion effect (invisibility)
 13093 | Lair:3   | XOM: summons 3 hostile shadow creatures
 13180 | Lair:3   | XOM: noise
 13416 | Lair:4   | XOM: cast spell 'Dispersal'
 13417 | Lair:4   | XOM: enchant monster (good)
 13575 | Lair:4   | Got a polished demon blade
 13576 | Lair:4   | Identified the +6 demon blade of No Interval {freeze, rElec
                  | rPois rF+} (You found it on level 4 of the Lair of Beasts)
 13580 | Lair:4   | XOM: divination: detect items
 13702 | D:9      | You paid a toll of a +6 demon blade to enter a treasure
                  | trove
 13703 | Trove    | Entered a treasure trove
 13709 | Trove    | Got a brightly glowing buckler
 13718 | Trove    | Got a fading buckler
 13720 | Trove    | Got a slimy buckler
 13723 | Trove    | Found the +2 hat of the Bear Spirit {Spirit, +Rage rN+
                  | MR++}
 13725 | Trove    | Got a glimmering plate armour
 13727 | Trove    | Got a transparent robe
 13777 | Trove    | Got an encrusted crystal plate armour
 13788 | Trove    | Identified the +2 crystal plate armour of the Lute {rF++
                  | rC- rN+++ rCorr} (You found it in a treasure trove)
 13800 | Trove    | Identified the +10 plate armour of Day {+Fly Str+2 Dex+4}
                  | (You found it in a treasure trove)
 13845 | D:9      | Identified the +4 buckler "Nuwer" {MR+ Slay+5} (You found
                  | it in a treasure trove)
 13847 | D:9      | Identified the +0 buckler "Wobouth" {rC+ rN+ Str+4} (You
                  | found it in a treasure trove)
 13849 | D:9      | Identified the +0 buckler of Daegro {rC+++ Int+4 Stlth+}
                  | (You found it in a treasure trove)
 14015 | Lair:4   | XOM: harmless Air miscast
 14023 | Lair:4   | Reached skill level 5 in Throwing
 14027 | Lair:4   | XOM: divination: magic mapping
 14031 | Lair:4   | Reached skill level 9 in Armour
 14031 | Lair:4   | Reached skill level 6 in Invocations
 14031 | Lair:4   | Reached skill level 5 in Evocations
 14096 | Lair:4   | XOM: confuse monster(s)
 14128 | Lair:4   | XOM: noise
 14225 | Lair:4   | XOM: summons friendly crimson imp
 14391 | Lair:4   | Reached skill level 6 in Throwing
 14394 | Lair:4   | XOM: destruction
 14767 | Lair:5   | Reached skill level 7 in Invocations
 14768 | Lair:5   | Reached skill level 6 in Evocations
 14777 | Lair:5   | XOM: fog
 14896 | Lair:5   | XOM: scenery: create altars
 14959 | Lair:5   | Found a staircase to the Spriggan Forest.
 15020 | Lair:5   | Found a runed translucent gate.
 15021 | Lair:5   | Found a runed translucent gate.
 15021 | Lair:5   | Found a runed translucent gate.
 15021 | Lair:5   | Noticed Rhok's ghost (journeyman GnWn)
 15023 | Lair:5   | Found a viscous altar of Jiyva.
 15114 | Lair:5   | XOM: summons 10 friendly demons
 15115 | Lair:5   | XOM: destruction
 15139 | Lair:5   | Got a coiled ivory amulet
 15140 | Lair:5   | Identified the amulet of Bana {Spirit MP+9 Int+4} (You
                  | found it on level 5 of the Lair of Beasts)
 15237 | Lair:5   | XOM: god gift: plate armour {god gift}
 15784 | Lair:6   | Entered Level 6 of the Lair of Beasts
 15795 | Lair:6   | Reached XP level 14. HP: 129/129 MP: 12/18
 15799 | Lair:6   | Reached skill level 8 in Invocations
 15810 | Lair:6   | Reached skill level 19 in Axes
 15864 | Lair:6   | XOM: polymorph goliath frog -> shock serpent
 15866 | Lair:6   | XOM: polymorph blink frog -> ice beast
 15966 | Lair:6   | XOM: god gift: ration
 16181 | Lair:6   | XOM: cast spell 'Shadow Creatures'
 16236 | Lair:6   | Found a runed translucent gate.
 16236 | Lair:6   | Found a runed translucent gate.
 16236 | Lair:6   | Found a runed translucent gate.
 16238 | Lair:6   | Noticed tronn's ghost (journeyman FeMo)
 16390 | Lair:6   | XOM: god gift: 51 gold pieces
 16395 | Lair:6   | XOM: enchant monster (good)
 16491 | Lair:6   | XOM: fog
 16495 | Lair:6   | Reached skill level 20 in Axes
 16506 | Lair:6   | XOM: divination: magic mapping
 16610 | Lair:6   | Reached skill level 14 in Fighting
 16642 | Lair:6   | XOM: summons friendly crimson imp
 16874 | Lair:6   | XOM: enchant monster (bad)
 17003 | Lair:6   | XOM: scenery: create altars
 17043 | Lair:6   | XOM: summons 9 friendly demons
 17044 | Lair:6   | XOM: divination: detect creatures
 17054 | Lair:6   | XOM: harmless Erth miscast
 17066 | Lair:6   | Killed tronn's ghost
 17072 | Lair:6   | Reached skill level 15 in Fighting
 17094 | Lair:6   | Got a buzzing falchion
 17432 | Lair:2   | XOM: mild Fire miscast
 17491 | D:10     | Entered Level 10 of the Dungeon
 17529 | D:10     | XOM: god gift: silver ring {god gift}
 17773 | D:10     | XOM: give mutations
 17773 | D:10     | Gained mutation: You have supernaturally acute eyesight.
                  | (SInv) [Xom's grace]
 17773 | D:10     | Gained mutation: You have razor-sharp toenails. [Xom's
                  | grace]
 17805 | D:10     | Noticed Joseph
 17820 | D:10     | Killed Joseph
 18351 | D:11     | Reached skill level 7 in Throwing
 18352 | D:11     | XOM: scenery: 2 doors open
 18511 | D:11     | XOM: polymorph orc warrior -> porcupine
 18517 | D:11     | XOM: summons 4 friendly demons
 18607 | D:11     | Reached skill level 8 in Throwing
 18730 | D:11     | Found a shimmering altar of Xom.
 18730 | D:11     | XOM: 5-stop teleportation journey
 18766 | D:11     | Found a gate to the Vaults.
 18957 | D:11     | Reached XP level 15. HP: 141/141 MP: 13/20
 18958 | D:11     | XOM: smoke on damage
 18963 | D:11     | Reached skill level 5 in Dodging
 18991 | D:11     | XOM: scenery: 1 doors close
 19132 | D:11     | XOM: harmless Necr miscast
 19169 | D:12     | Entered Level 12 of the Dungeon
 19268 | D:12     | XOM: summons 1 hostile shadow creature
 19454 | D:12     | Reached skill level 10 in Armour
 19585 | D:12     | Found a shadowy altar of Dithmenos.
 19594 | D:12     | Reached skill level 6 in Dodging
 19969 | D:12     | Found a staircase to the Depths.
 19969 | D:12     | XOM: confusion (+ monsters)
 19984 | D:12     | Reached skill level 7 in Dodging
 20015 | D:12     | XOM: noise
 20598 | Orc      | Entered the Orcish Mines
 20611 | Orc      | Reached skill level 8 in Dodging
 20611 | Orc      | Found Winas's Gadget Emporium.
 20669 | Orc      | Found a runed door.
 20698 | Orc      | Bought a wand of iceblast (10) for 264 gold pieces
 20755 | Orc      | Found Jamodghu's Jewellery Boutique.
 20769 | Orc      | Found Zutug's Distillery.
 20789 | Orc      | Found Liak's Distillery.
 20795 | Orc      | Bought a potion of resistance for 110 gold pieces
 20795 | Orc      | Bought a potion of might for 44 gold pieces
 20795 | Orc      | Bought a potion of ambrosia for 44 gold pieces
 20795 | Orc      | Bought a potion of heal wounds for 55 gold pieces
 20801 | Orc      | Bought a potion of heal wounds for 75 gold pieces
 20801 | Orc      | Bought a potion of haste for 150 gold pieces
 20801 | Orc      | Bought a potion of haste for 150 gold pieces
 20801 | Orc      | Bought a potion of heal wounds for 75 gold pieces
 20801 | Orc      | Bought a potion of might for 60 gold pieces
 20801 | Orc      | Bought a potion of agility for 60 gold pieces
 20801 | Orc      | Bought a potion of might for 60 gold pieces
 20874 | Orc      | XOM is BORED!
 20874 | Orc      | XOM: noise
 20995 | Orc      | Found a viscous altar of Jiyva.
 20995 | Orc      | Found a staircase to the Slime Pits.
 20995 | Orc      | Noticed an acid blob
 20995 | Orc      | Noticed an acid blob
 21028 | Orc      | Noticed an orc warlord
 21032 | Orc      | XOM: potion effect (brilliance)
 21033 | Orc      | XOM: summons 5 friendly demons
 21040 | Orc      | Killed an orc warlord
 21187 | Orc      | Found Giec's Antique Armour Shop.
 21188 | Orc      | Found Gonn's Antique Weapon Shop.
 21190 | Orc      | Found Obilyrio's General Store.
 21190 | Orc      | Found Bygiomu's Book Boutique.
 21194 | Orc      | Bought a scroll of teleportation for 51 gold pieces
 21371 | Orc      | Bought the ring "Woewniam" {rPois Str+3 Dex+4} for 500 gold
                  | pieces
 21507 | D:9      | XOM: divination: detect items
 21565 | Spider:1 | Entered Level 1 of the Spider Nest
 21566 | Spider:1 | XOM: enchant monster (good)
 21570 | Spider:1 | Reached skill level 21 in Axes
 21780 | Spider:1 | XOM: scenery: create altars
 21944 | Spider:1 | XOM: cloud trail
 21963 | Spider:1 | XOM: 1-stop teleportation journey
 22109 | Spider:1 | XOM: cloud trail
 22139 | Spider:1 | XOM is BORED!
 22139 | Spider:1 | XOM: give mutations
 22139 | Spider:1 | Lost mutation: Your spells are a little harder to cast, but
                  | a little more powerful. [Xom's mischief]
 22139 | Spider:1 | Lost mutation: Your mind is acute. (Int +2) [Xom's
                  | mischief]
 22139 | Spider:1 | Lost mutation: You are very agile. (Dex +4) [Xom's
                  | mischief]
 22139 | Spider:1 | Lost mutation: You have supernaturally acute eyesight.
                  | (SInv) [Xom's mischief]
 22139 | Spider:1 | Gained mutation: Scrolls take you a little longer to read.
                  | [Xom's mischief]
 22144 | Spider:1 | Got a polished falchion
 22361 | Spider:1 | XOM: smoke on damage
 22523 | Spider:1 | XOM: god gift: wand of paralysis (15)
 22832 | Spider:1 | XOM: scenery: create altars
 22839 | Spider:2 | Noticed Azrael
 22876 | Spider:2 | Noticed Donald
 22879 | Spider:2 | Noticed Asterion
 22887 | Spider:2 | Noticed a balrug
 22887 | Spider:2 | Killed Asterion
 22893 | Spider:2 | Reached skill level 22 in Axes
 22893 | Spider:2 | Killed Donald
 22894 | Spider:2 | Reached XP level 16. HP: 135/149 MP: 19/21
 22897 | Spider:2 | Killed Azrael
 23060 | Spider:2 | Reached skill level 16 in Fighting
 23187 | Spider:2 | XOM: god gift: leather armour {god gift}
 23423 | Spider:2 | Noticed Arachne
 23428 | Spider:2 | XOM: confuse monster(s)
 23430 | Spider:2 | XOM: scenery: create altars
 23433 | Spider:2 | Killed Arachne
 23494 | Spider:3 | Entered Level 3 of the Spider Nest
 23523 | Spider:3 | Got a fading cloak
 23534 | Spider:3 | Identified the +1 cloak of Mipoeg {Slay+6} (You found it on
                  | level 3 of the Spider Nest)
 23656 | Lair:3   | XOM: god gift: 148 stones
 23753 | Spider:2 | XOM: give mutation
 23753 | Spider:2 | Gained mutation: You have an increased reservoir of magic.
                  | (+10% MP) [Xom's grace]
 23900 | Spider:3 | Reached skill level 9 in Dodging
 23994 | Spider:3 | Reached skill level 11 in Armour
 24113 | Spider:3 | XOM: confuse monster(s)
 24329 | Spider:3 | Reached skill level 10 in Dodging
 24380 | Spider:3 | Reached skill level 12 in Armour
 24490 | Spider:3 | XOM: cleaving
 24494 | Spider:3 | XOM: confuse monster(s)
 24500 | Spider:3 | XOM: mild Erth miscast
 24550 | Spider:3 | XOM: give mutations
 24550 | Spider:3 | Lost mutation: You are weak. (Str -2) [Xom's mischief]
 24550 | Spider:3 | Lost mutation: You have razor-sharp toenails. [Xom's
                  | mischief]
 24668 | Spider:3 | XOM: polymorph emperor scorpion -> dire elephant
 24714 | Spider:3 | Got a gossamer rune of Zot
 24930 | Shoals:1 | Entered Level 1 of the Shoals
 24931 | Shoals:1 | XOM: polymorph sea snake -> minotaur
 25175 | Shoals:1 | XOM: mild Pois miscast
 25194 | Shoals:1 | XOM: fog
 25363 | Shoals:1 | XOM: polymorph merfolk avatar -> elephant
 25413 | Shoals:1 | Reached XP level 17. HP: 158/158 MP: 24/24
 25434 | Shoals:1 | Noticed Mehrunes's ghost (journeyman DDFi)
 25443 | Shoals:1 | Found a runed translucent gate.
 25443 | Shoals:1 | Found a runed translucent gate.
 25443 | Shoals:1 | Found a runed translucent gate.
 25458 | Shoals:1 | XOM: 6-stop teleportation journey
 25481 | Shoals:1 | XOM: god gift: 212 stones
 25628 | Shoals:1 | Noticed Josephine
 25631 | Shoals:1 | XOM: confusion (+ monsters)
 25635 | Shoals:1 | XOM: harmless Chrm miscast
 25646 | Shoals:1 | Killed Josephine
 25844 | Shoals:1 | XOM: divine lightning
 25855 | Shoals:1 | XOM: blink monster(s)
 26102 | Shoals:2 | Reached skill level 23 in Axes
 26383 | Shoals:2 | Found Regge's Mayhem Merchandise.
 26418 | Shoals:2 | Found Norru's Antique Armour Shop.
 26544 | Shoals:2 | Found a hide-covered altar of Uskayaw.
 26607 | Shoals:2 | XOM is BORED!
 26607 | Shoals:2 | XOM: mild Summ miscast
 26838 | Shoals:3 | Entered Level 3 of the Shoals
 26875 | Shoals:3 | XOM: confusion (+ monsters)
 26917 | Shoals:3 | XOM: swap monsters
 26921 | Shoals:3 | XOM: summons 6 friendly demons
 26925 | Shoals:3 | XOM: summons 1 friendly demon
 26933 | Shoals:3 | XOM: noise
 26944 | Shoals:3 | XOM: confuse monster(s)
 26947 | Shoals:3 | XOM: scenery: create altars
 27007 | Shoals:3 | Got a barnacled rune of Zot
 27020 | Shoals:3 | Reached skill level 9 in Throwing
 27020 | Shoals:3 | Reached skill level 9 in Invocations
 27090 | Shoals:3 | XOM: summons friendly white imp
 27156 | Shoals:3 | Identified the +8 plate armour "Hutol" {+Inv Str+7 Dex+3}
 27267 | Shoals:3 | Noticed Ilsuiw
 27275 | Shoals:3 | Killed Ilsuiw
 27311 | Shoals:3 | XOM: divination: detect items
 27312 | Shoals:3 | Reached skill level 11 in Dodging
 27324 | Shoals:3 | Noticed Polyphemus
 27324 | Shoals:3 | XOM: cleaving
 27326 | Shoals:3 | XOM: god gift: bardiche {god gift}
 27342 | Shoals:3 | XOM: divination: detect items
 27345 | Shoals:3 | Noticed Polyphemus
 27345 | Shoals:3 | Polyphemus changed into Polyphemus the quicksilver dragon
 27345 | Shoals:3 | XOM: polymorph Polyphemus -> Polyphemus the quicksilver
                  | dragon
 27348 | Shoals:3 | Killed Polyphemus the quicksilver dragon
 27349 | Shoals:3 | Reached skill level 13 in Armour
 27505 | Shoals:3 | XOM: god gift: +2 plate armour of positive energy
 27663 | Shoals:3 | XOM: enchant monster (good)
 27801 | D:10     | XOM: give mutations
 27801 | D:10     | Lost mutation: You can translocate small distances at will.
                  | [Xom's mischief]
 27801 | D:10     | Gained mutation: Scrolls take you longer to read. [Xom's
                  | mischief]
 27847 | Vaults:1 | Entered Level 1 of the Vaults
 27966 | Vaults:1 | Reached XP level 18. HP: 168/168 MP: 26/26
 27968 | Vaults:1 | Reached skill level 17 in Fighting
 28014 | Vaults:1 | XOM: mild Fire miscast
 28239 | Vaults:1 | XOM: mild Summ miscast
 28240 | Vaults:1 | XOM: divination: detect items
 28250 | Vaults:1 | Reached skill level 10 in Throwing
 28252 | Vaults:1 | Reached skill level 10 in Invocations
 28299 | Vaults:1 | XOM: silly message
 28369 | Vaults:1 | Found a staircase to the Crypt.
 28369 | Vaults:1 | Found a basalt altar of Yredelemnul.
 28370 | Vaults:1 | Found an ancient bone altar of Kikubaaqudgha.
 28448 | Vaults:1 | XOM: god gift: 1306 gold pieces
 28465 | Vaults:1 | XOM: give mutations
 28465 | Vaults:1 | Gained mutation: You have sharp fingernails. [Xom's grace]
 28465 | Vaults:1 | Gained mutation: Your flesh is heat resistant. (rF+) [Xom's
                  | grace]
 28515 | Vaults:1 | Reached skill level 12 in Dodging
 28578 | Vaults:1 | Reached skill level 14 in Armour
 28817 | Vaults:1 | XOM: fog
 28820 | Vaults:1 | XOM: potion effect (magic)
 28828 | Vaults:1 | Reached skill level 18 in Fighting
 28894 | Vaults:1 | XOM: mild Tloc miscast
 28900 | Vaults:1 | XOM: harmless Erth miscast
 29035 | Vaults:2 | XOM is BORED!
 29035 | Vaults:2 | XOM: noise
 29278 | Vaults:2 | Noticed Frederick
 29287 | Vaults:2 | XOM: potion effect (magic)
 29291 | Vaults:2 | Killed Frederick
 29292 | Vaults:2 | Reached skill level 7 in Evocations
 29309 | Vaults:2 | Found Tais's Gadget Boutique.
 29526 | D:9      | Identified the +2 dagger of Evil {venom, rPois Int+4 SInv}
                  | (You found it on level 6 of the Dungeon)
 29618 | Orc      | Bought the ring "Vech" {rN+ AC+5 Str+2} for 1176 gold
                  | pieces
 29637 | Orc      | Bought a pair of runed boots for 262 gold pieces
 29637 | Orc      | Identified a +0 pair of boots of running (You bought it in
                  | a shop in the Orcish Mines)
 29823 | Shoals:1 | XOM: divination: detect creatures
 29875 | Shoals:2 | Bought a warped cloak for 370 gold pieces
 29875 | Shoals:2 | Identified the +2 cloak of Generosity {*Contam rF+ rCorr
                  | Dex+5} (You bought it in a shop on level 2 of the Shoals)
 30064 | D:11     | XOM is BORED!
 30064 | D:11     | XOM: harmless Ice miscast
 30218 | Vaults:2 | Bought a wand of acid (7) for 208 gold pieces
 30293 | Vaults:2 | XOM: noise
 30330 | Vaults:2 | XOM: potion effect (might)
 30338 | Vaults:2 | XOM: potion effect (brilliance)
 30352 | Vaults:2 | Reached skill level 8 in Evocations
 30408 | Vaults:2 | Noticed Bai Suzhen
 30414 | Vaults:2 | Killed Bai Suzhen
 30415 | Vaults:2 | Reached XP level 19. HP: 179/179 MP: 28/28
 30465 | Vaults:2 | Found a runed translucent gate.
 30465 | Vaults:2 | Found a runed translucent gate.
 30467 | Vaults:2 | Found a runed translucent gate.
 30470 | Vaults:2 | Noticed Mehrunes's ghost (adept TrAc)
 30470 | Vaults:2 | Noticed Wiheloh's ghost (journeyman FrNe)
 30546 | Vaults:2 | Noticed Saint Roka
 30556 | Vaults:2 | Killed Saint Roka
 30557 | Vaults:2 | Reached skill level 9 in Evocations
 30611 | Vaults:2 | Noticed Sojobo
 30617 | Vaults:2 | Reached skill level 24 in Axes
 30624 | Vaults:2 | Killed Sojobo
 30703 | Vaults:2 | XOM: potion effect (haste)
 30711 | Vaults:2 | Reached skill level 10 in Evocations
 31121 | Vaults:2 | Killed Wiheloh's ghost
 31127 | Vaults:2 | Killed Mehrunes's ghost
 31143 | Vaults:2 | Identified the ring of Nijuro {rElec Int+6}
 31196 | Vaults:2 | XOM is BORED!
 31196 | Vaults:2 | XOM: mild Chrm miscast
 31480 | Forest:1 | Entered Level 1 of the Spriggan Forest
 31509 | Forest:1 | XOM: smoke on damage
 31587 | Forest:1 | XOM: harmless Necr miscast
 31856 | Vaults:1 | XOM: harmless Pois miscast
 31989 | Vaults:1 | XOM: divination: detect items
 32198 | Lair:5   | XOM is BORED!
 32198 | Lair:5   | XOM: give mutations
 32198 | Lair:5   | Lost mutation: Your flesh is heat resistant. (rF+) [Xom's
                  | mischief]
 32198 | Lair:5   | Lost mutation: You are partially covered in yellow scales.
                  | (AC +2) [Xom's mischief]
 32198 | Lair:5   | Gained mutation: Your body sometimes deteriorates upon
                  | taking damage. [Xom's mischief]
 32592 | Forest:1 | XOM: scenery: create altars
 32731 | Forest:1 | XOM: scenery: create altars
 32834 | Forest:2 | XOM: potion effect (agility)
 33104 | Forest:3 | Entered Level 3 of the Spriggan Forest
 33187 | Forest:3 | XOM: god gift: glaive {god gift}
 33337 | Forest:3 | XOM: enchant monster (bad)
 33366 | Forest:3 | Reached skill level 11 in Invocations
 33374 | Forest:3 | Reached skill level 11 in Throwing
 33374 | Forest:3 | Reached XP level 20. HP: 189/189 MP: 30/30
 33394 | Forest:3 | Reached skill level 13 in Dodging
 33408 | Forest:3 | Reached skill level 15 in Armour
 33425 | Forest:3 | XOM: summons friendly crimson imp
 33427 | Forest:3 | XOM: potion effect (heal wounds)
 33579 | Forest:3 | Identified the cursed ring of Yjumn {Str+3 Stlth--}
 33581 | Forest:3 | XOM: medium Ice miscast
 33723 | Forest:3 | Identified the +10 dagger "Fehileug" {freeze, +Fly rN++}
 33762 | Forest:3 | XOM: swap monsters
 33763 | Forest:3 | XOM: noise
 33779 | Forest:3 | Identified the cursed +1 rapier of Kelah {flame, rF++ Str+4
                  | Int+4 Dex-5}
 33855 | Forest:3 | XOM: potion effect (might)
 33950 | Forest:3 | XOM: potion effect (might)
 33954 | Forest:3 | Reached skill level 19 in Fighting
 34125 | Forest:3 | XOM: summons 10 hostile demons
 34234 | Forest:3 | XOM: harmless Conj miscast
 34243 | Forest:3 | Found a shimmering altar of Xom.
 34281 | Forest:3 | XOM: god gift: 171 javelins
 34453 | Forest:3 | Identified the +2 pair of boots "Taon Hod" {rCorr MP+9}
 34583 | Forest:3 | XOM: noise
 34602 | Forest:3 | XOM: mild Fire miscast
 34934 | Slime:1  | Entered Level 1 of the Pits of Slime
 34943 | Slime:1  | XOM: enchant monster (bad)
 35251 | Slime:3  | XOM: severe Tmut miscast
 35251 | Slime:3  | Gained mutation: Scrolls take you much longer to read. [the
                  | severe capriciousness of Xom]
 35251 | Slime:3  | Gained mutation: You are frail. (-10% HP) [the severe
                  | capriciousness of Xom]
 35258 | Slime:3  | XOM: confusion
 35263 | Slime:3  | XOM: enchant monster (bad)
 35353 | Slime:4  | Reached skill level 12 in Invocations
 35360 | Slime:4  | Reached skill level 12 in Throwing
 35551 | Slime:5  | Entered Level 5 of the Pits of Slime
 35555 | Slime:5  | Found the +8 frozen axe "Frostbite" {freezing cloud, *Noise
                  | +Fly rC+}
 35563 | Slime:5  | Reached skill level 14 in Dodging
 35605 | Slime:5  | Reached skill level 16 in Armour
 35638 | Slime:5  | XOM: medium Air miscast
 35689 | Slime:5  | Found a viscous altar of Jiyva.
 35689 | Slime:5  | XOM: 1-stop teleportation journey
 35691 | Slime:5  | Noticed the Royal Jelly
 35698 | Slime:5  | XOM: potion effect (invisibility)
 35700 | Slime:5  | Killed the Royal Jelly
 35701 | Slime:5  | Reached skill level 20 in Fighting
 35701 | Slime:5  | Reached XP level 21. HP: 180/180 MP: 32/32
 35710 | Slime:5  | XOM: potion effect (might)
 35748 | Slime:5  | XOM: noise
 35790 | Slime:5  | XOM: mild Conj miscast
 36066 | Slime:5  | Found the +8 salamander hide armour {+Fog rF++ rC-}
 36083 | Slime:5  | Reached skill level 21 in Fighting
 36103 | Slime:5  | Got a slimy rune of Zot
 36300 | Slime:5  | Identified the amulet of Bynog {Rage rElec MP+9}
 36462 | Slime:5  | XOM: summons 5 hostile demons
 36626 | Slime:5  | XOM: mild Air miscast
 36992 | Vaults:3 | Entered Level 3 of the Vaults
 37011 | Vaults:3 | Reached skill level 22 in Fighting
 37033 | Vaults:3 | Noticed a golden dragon
 37033 | Vaults:3 | a frost giant changed into a golden dragon
 37033 | Vaults:3 | XOM: polymorph frost giant -> golden dragon
 37041 | Vaults:3 | XOM: destruction
 37043 | Vaults:3 | XOM: confuse monster(s)
 37045 | Vaults:3 | Killed a golden dragon
 37080 | Vaults:3 | Reached XP level 22. HP: 193/193 MP: 25/33
 37311 | Vaults:3 | XOM: 1-stop teleportation journey
 37327 | Vaults:3 | XOM: confusion (+ monsters)
 37340 | Vaults:3 | XOM: harmless Tmut miscast
 37432 | Vaults:3 | XOM: medium Necr miscast
 37542 | Vaults:3 | Reached skill level 13 in Throwing
 37542 | Vaults:3 | Reached skill level 17 in Armour
 37542 | Vaults:3 | Reached skill level 13 in Invocations
 37656 | Vaults:3 | Reached skill level 15 in Dodging
 37800 | Vaults:3 | XOM: noise
 37802 | Vaults:3 | XOM: confusion
 37910 | Vaults:3 | Identified the +9 plate armour of the Bouncing Lovers {rC+
                  | rN+}
 37963 | Vaults:3 | XOM: summons 4 hostile demons
 37968 | Vaults:3 | Noticed a golden dragon
 37968 | Vaults:3 | an ironheart preserver changed into a golden dragon
 37968 | Vaults:3 | XOM: polymorph ironheart preserver -> golden dragon
 37971 | Vaults:3 | Killed a golden dragon
 37972 | Vaults:3 | Reached skill level 23 in Fighting
 37991 | Vaults:3 | XOM: confusion
 38058 | Vaults:3 | XOM: swap monsters
 38066 | Vaults:3 | XOM: summons 1 hostile demon
 38294 | Vaults:3 | Found the +0 shillelagh "Devastator" {shatter, Stlth+}
 38296 | Vaults:3 | XOM: enchant monster (bad)
 38389 | Vaults:3 | XOM: mild Hex miscast
 38446 | Vaults:3 | Got a silver rune of Zot
 38494 | Vaults:3 | Identified the Guide on Air
 38509 | Vaults:3 | XOM: medium Ice miscast
 38567 | Vaults:3 | XOM: summons 2 hostile shadow creatures
 38674 | Vaults:3 | XOM: blink monster(s)
 38769 | Vaults:3 | Noticed a golden dragon
 38776 | Vaults:3 | Killed a golden dragon
 38856 | Vaults:3 | Identified the +1 cloak of Defence {rPois}
 38876 | Vaults:3 | XOM: give mutations
 38876 | Vaults:3 | Lost mutation: You are agile. (Dex +2) [Xom's mischief]
 38876 | Vaults:3 | Gained mutation: Armour fits poorly on your strangely
                  | shaped body. [Xom's mischief]
 38876 | Vaults:3 | Gained mutation: You are partially covered in large bone
                  | plates. (SH +4) [Xom's mischief]
 38913 | Vaults:3 | XOM: noise
 39147 | Depths:1 | Entered Level 1 of the Depths
 39154 | Depths:1 | Identified the +3 faerie dragon scales {+Fly rCorr Slay-6
                  | SInv}
 39154 | Depths:1 | Noticed the Enchantress
 39256 | Depths:1 | XOM: summons friendly crimson imp
 39258 | Depths:1 | XOM: enchant monster (good)
 39263 | D:12     | XOM: confusion (+ monsters)
 39268 | D:12     | Killed the Enchantress
 39382 | Depths:1 | XOM: chaos upgrade
 39434 | Depths:1 | Found an iron altar of Okawaru.
 39456 | Depths:1 | Reached XP level 23. HP: 193/204 MP: 35/35
 39509 | Depths:1 | XOM: 1-stop teleportation journey
 39516 | Depths:1 | XOM: smoke on damage
 39595 | Depths:1 | XOM: cast spell 'Time Stop'
 39625 | Depths:1 | XOM: stat loss: -1 Str (34/35)
 39883 | Depths:1 | Found a gateway to Hell.
 39984 | Depths:1 | Found Tousel's Gadget Shoppe.
 39986 | Depths:1 | Found Ymmidgh's Jewellery Shop.
 39987 | Depths:1 | Found Caesipep's Gadget Shoppe.
 39993 | Depths:1 | Bought a wand of acid (6) for 308 gold pieces
 39999 | Depths:1 | Bought the ring "Wiat" {MR+ SInv Stlth+} for 434 gold
                  | pieces
 40015 | Depths:1 | Found Vousiag's Mass Market.
 40047 | Depths:1 | XOM: destruction
 40060 | Depths:1 | XOM: enchant monster (bad)
 40071 | Depths:1 | XOM: potion effect (magic)
 40088 | Depths:1 | Reached skill level 14 in Invocations
 40093 | Depths:1 | Reached skill level 18 in Armour
 40093 | Depths:1 | Reached skill level 16 in Dodging
 40387 | Depths:1 | Found a one-way gate leading to the halls of Pandemonium.
 40474 | Depths:2 | XOM: divine lightning
 40584 | Depths:2 | XOM: give mutations
 40584 | Depths:2 | Gained mutation: You possess an exceptional clarity of
                  | mind. [Xom's grace]
 40584 | Depths:2 | Lost mutation: You are frail. (-10% HP) [Xom's grace]
 40584 | Depths:2 | Gained mutation: Your mind is acute. (Int +2) [Xom's grace]
 40584 | Depths:2 | Gained mutation: Your muscles are strong. (Str +2) [Xom's
                  | grace]
 40639 | Depths:2 | XOM: silly message
 40678 | Depths:2 | Noticed a Killer Klown
 40684 | Depths:2 | Killed a Killer Klown
 40685 | Depths:2 | Reached skill level 24 in Fighting
 40702 | Depths:2 | Found a runed door.
 40702 | Depths:2 | Found a runed door.
 40728 | Depths:2 | XOM: smoke on damage
 40743 | Depths:2 | XOM: cast spell 'Call Canine Familiar'
 40798 | Depths:2 | XOM: harmless Conj miscast
 40976 | Depths:2 | XOM: noise
 41026 | Depths:2 | XOM: cast spell 'Summon Mana Viper'
 41056 | Depths:2 | XOM: harmless Necr miscast
 41270 | Depths:2 | XOM: god gift: 45 gold pieces
 41281 | Depths:2 | XOM: summons 5 friendly demons
 41435 | Depths:2 | Reached skill level 25 in Axes
 41487 | Depths:2 | Identified the +4 flail "Ohaed" {crush, *Noise Dex+5}
 41812 | Depths:4 | Noticed a juggernaut
 41816 | Depths:4 | XOM: swap monsters
 41825 | Depths:4 | Killed a juggernaut
 41853 | Depths:4 | XOM: blink monster(s)
 41857 | Depths:4 | Noticed a golden dragon
 41862 | Depths:4 | Killed a golden dragon
 41872 | Depths:5 | XOM: stealth player
 41872 | Depths:5 | Entered Level 5 of the Depths
 41910 | Depths:5 | Identified the +11 battleaxe of Purpose {chaos, Str+4} (You
                  | acquired it on level 5 of the Depths)
 41910 | Depths:5 | Identified the +0 pair of boots of Imperfection {rN++
                  | Regen+ rCorr Slay-4} (You acquired it on level 5 of the
                  | Depths)
 41910 | Depths:5 | Identified the ring of Grace {Wiz rPois} (You acquired it
                  | on level 5 of the Depths)
 41951 | Depths:5 | Found a gate to the Realm of Zot.
 41951 | Depths:5 | Noticed a golden dragon
 41955 | Depths:5 | XOM: scenery: 2 doors open, 2 doors close
 41958 | Depths:5 | Killed a golden dragon
 41962 | Depths:5 | XOM: summons 14 friendly demons
 41971 | Depths:5 | Reached XP level 24. HP: 238/238 MP: 35/35
 42007 | Depths:5 | XOM: give mutations
 42007 | Depths:5 | Lost mutation: Armour fits poorly on your strangely shaped
                  | body. [Xom's mischief]
 42007 | Depths:5 | Lost mutation: Scrolls take you much longer to read. [Xom's
                  | mischief]
 42007 | Depths:5 | Lost mutation: Your mind is acute. (Int +2) [Xom's
                  | mischief]
 42020 | Depths:5 | Reached skill level 26 in Axes
 42049 | Depths:5 | XOM: mild Summ miscast
 42099 | Depths:5 | XOM: scenery: 2 doors close
 42102 | Zot:1    | Entered Level 1 of the Realm of Zot
 42163 | Zot:3    | XOM: stealth player
 42170 | Zot:3    | Reached skill level 11 in Evocations
 42185 | Zot:3    | Identified the amulet "Efavucuf" {Acrobat *Drain rPois
                  | SInv} (You acquired it on level 3 of the Realm of Zot)
 42195 | Zot:2    | Noticed a golden dragon
 42201 | Zot:2    | Noticed a golden dragon
 42203 | Zot:2    | Killed a golden dragon
 42209 | Zot:2    | XOM: potion effect (brilliance)
 42210 | Zot:2    | Killed a golden dragon
 42282 | Zot:3    | XOM: summons friendly crimson imp
 42286 | Zot:3    | Identified the +4 dragonskin cloak
 42286 | Zot:3    | Noticed Tiamat
 42290 | Zot:3    | XOM: confuse monster(s)
 42301 | Zot:3    | Killed Tiamat
 42302 | Zot:3    | Reached skill level 27 in Axes
 42422 | Zot:4    | Noticed a golden dragon
 42435 | Zot:4    | Killed a golden dragon
 42626 | Zot:5    | Entered Level 5 of the Realm of Zot
 42651 | Zot:5    | Reached skill level 17 in Dodging
 42652 | Zot:5    | XOM: severe Tloc miscast
 42738 | Zot:5    | Noticed a golden dragon
 42742 | Zot:5    | XOM: divination: detect creatures
 42746 | Zot:5    | Killed a golden dragon
 42829 | Zot:5    | XOM: smoke on damage
 42829 | Zot:5    | Noticed a golden dragon
 42835 | Zot:5    | Killed a golden dragon
 42836 | Zot:5    | Reached skill level 12 in Evocations
 42956 | Zot:5    | XOM: harmless Erth miscast
 42964 | Zot:5    | Reached skill level 18 in Dodging
 42966 | Zot:5    | XOM: god gift: wand of acid (6)
 42974 | Zot:5    | Noticed an ancient lich
 42980 | Zot:5    | Killed an ancient lich
 43202 | Zot:5    | XOM: confuse monster(s)
 43205 | Zot:5    | Reached skill level 13 in Evocations
 43455 | Zot:5    | Reached XP level 25. HP: 245/245 MP: 35/35
 43472 | Zot:5    | Noticed a golden dragon
 43473 | Zot:5    | Noticed a golden dragon
 43482 | Zot:5    | Killed a golden dragon
 43483 | Zot:5    | Reached skill level 19 in Dodging
 43484 | Zot:5    | Killed a golden dragon
 43879 | Zot:5    | Noticed a Killer Klown
 43898 | Zot:5    | Killed a Killer Klown
 43909 | Zot:5    | Noticed an orb of fire
 43989 | Zot:5    | XOM: harmless Tmut miscast
 44113 | Zot:5    | Noticed an orb of fire
 44115 | Zot:5    | Gained mutation: Your body often deteriorates upon taking
                  | damage. [an orb of fire]
 44121 | Zot:5    | XOM: stat loss: -1 Str (38/39)
 44121 | Zot:5    | Lost mutation: Scrolls take you longer to read. [an orb of
                  | fire]
 44127 | Zot:5    | Killed an orb of fire
 44128 | Zot:5    | Reached skill level 20 in Dodging
 44371 | Zot:5    | Noticed an ancient lich
 44375 | Zot:5    | Killed an ancient lich
 44398 | Zot:5    | XOM: harmless Fire miscast
 44515 | Zot:5    | XOM: harmless Hex miscast
 44625 | Zot:5    | Gained mutation: You do not regenerate when monsters are
                  | visible. [an orb of fire]
 44625 | Zot:5    | Lost mutation: Your muscles are strong. (Str +2) [an orb of
                  | fire]
 44629 | Zot:5    | Gained mutation: Scrolls take you longer to read. [an orb
                  | of fire]
 44630 | Zot:5    | Killed an orb of fire
 44642 | Zot:5    | Noticed an ancient lich
 44649 | Zot:5    | Killed an ancient lich
 44774 | Zot:5    | Noticed an orb of fire
 44776 | Zot:5    | XOM: smoke on damage
 44779 | Zot:5    | Killed an orb of fire
 44809 | Zot:5    | XOM: silly message
 44899 | Zot:5    | Noticed a golden dragon
 44903 | Zot:5    | Killed a golden dragon
 44943 | Zot:5    | Noticed a Killer Klown
 44947 | Zot:5    | XOM: harmless Conj miscast
 44950 | Zot:5    | Killed a Killer Klown
 44968 | Zot:5    | XOM: mild Tloc miscast
 44976 | Zot:5    | Noticed an ancient lich
 44977 | Zot:5    | XOM: cleaving
 44992 | Zot:5    | Killed an ancient lich
 45082 | Zot:5    | Noticed a golden dragon
 45086 | Zot:5    | Killed a golden dragon
 45090 | Zot:5    | Reached skill level 15 in Invocations
 45215 | Zot:5    | Reached skill level 19 in Armour
 45317 | Zot:5    | Reached skill level 14 in Throwing
 45470 | Zot:5    | XOM: medium Ice miscast
 45490 | Zot:5    | Got the Orb of Zot
 45514 | Zot:5    | Noticed Libaygg the pandemonium lord
 45524 | Zot:5    | Killed Libaygg the pandemonium lord
 45572 | Zot:5    | Noticed Pasucsomoi the pandemonium lord
 45613 | Zot:2    | XOM: divination: detect creatures
 45617 | Zot:2    | Reached XP level 26. HP: 250/256 MP: 36/36
 45858 | D:11     | XOM: noise
 45890 | D:11     | Noticed Ejelefom the pandemonium lord
 45892 | D:11     | XOM: harmless Air miscast
 45899 | D:10     | XOM: god gift: book of Flames
 46106 | D:3      | XOM: medium Fire miscast
 46177 | D:$      | Escaped with the Orb!

Skill      XL: |  1  2  3  4  5  6  7  8  9 10 11 12 13 14 15 16 17 18 19 20 21 22 23 24 25 |
---------------+----------------------------------------------------------------------------+-----
Fighting       | 4 5 6 7 9 10 11 13 15 16 18 20 22 23 24 | 24.9
Axes           | 4 5 6 7 9 10 12 16 18 20 22 23 24 25 27 | 27.0
Armour         | 3 4 6 8 9 10 12 13 14 16 17 18 19 | 19.4
Dodging        | 2 3 4 8 10 11 12 14 15 16 18 20 | 20.0
Invocations    | 1 4 5 7 8 9 10 11 12 13 14 15 | 15.5
Evocations     | 1 3 4 6 8 10 13 | 13.0
Throwing       | 3 4 6 8 9 10 11 12 13 14 | 14.5

Action                   |  1- 3 |  4- 6 |  7- 9 | 10-12 | 13-15 | 16-18 | 19-21 | 22-24 | 25-27 || total
-------------------------+-------+-------+-------+-------+-------+-------+-------+-------+-------++-------
Melee: Hand axe          |   113 |     1 |       |       |       |       |       |       |       ||   114
       Headbutt          |    12 |    17 |    31 |    89 |   141 |   143 |   104 |   124 |    37 ||   698
       War axe           |       |   106 |   211 |   302 |       |       |       |       |       ||   619
       Executioner's axe |       |       |       |   193 |   687 |   533 |   540 |   489 |   138 ||  2580
       Battleaxe         |       |       |       |       |     2 |       |       |       |       ||     2
 Fire: Hunting sling     |       |       |    40 |       |       |       |       |       |       ||    40
Throw: Stone             |       |     1 |     1 |       |       |       |       |       |       ||     2
       Javelin           |       |       |     4 |    26 |    31 |    11 |   143 |   422 |   142 ||   779
       Tomahawk          |       |       |       |    21 |    53 |   138 |       |       |       ||   212
       Throwing net      |       |       |       |       |       |       |       |       |     2 ||     2
Invok: Line Pass         |       |       |       |     3 |     2 |     2 |     1 |     1 |     1 ||    10
       Grand Finale      |       |       |       |       |       |     1 |     2 |     1 |       ||     4
 Abil: Lunge             |       |     1 |     4 |    12 |    25 |    30 |    45 |    31 |     9 ||   157
       Evoke Flight      |       |       |       |       |     1 |     1 |     1 |       |       ||     3
       Stop Flying       |       |       |       |       |     1 |       |     1 |       |       ||     2
       Evoke Invisibilit |       |       |       |       |       |       |       |     4 |     2 ||     6
Evoke: Wand              |       |       |     1 |     3 |       |     1 |       |     9 |     4 ||    18
  Use: Scroll            |     4 |     3 |     8 |    16 |    12 |     7 |     1 |    11 |       ||    62
       Potion            |       |     1 |       |     3 |     2 |     1 |     3 |     1 |     3 ||    14
 Stab: Distracted        |     1 |       |       |     1 |     4 |     1 |       |     1 |       ||     8
       Petrified         |       |     6 |       |       |       |       |       |       |       ||     6
       Paralysed         |       |     1 |     4 |    25 |    38 |    57 |    79 |    46 |    18 ||   268
       Petrifying        |       |     1 |       |       |       |       |       |       |       ||     1
       Invisible         |       |       |       |     5 |     3 |     8 |    11 |    14 |     3 ||    44
       Confused          |       |       |       |     1 |     2 |     2 |     3 |     8 |       ||    16
  Eat: Chunk             |     6 |     9 |    16 |    41 |    36 |    31 |    16 |    26 |       ||   181
       Ration            |       |       |     1 |     1 |     5 |     3 |     5 |     7 |     8 ||    30
Armor: Leather armour    |    27 |    21 |    30 |       |       |       |       |       |       ||    78
       Scale mail        |     2 |       |       |       |       |       |       |       |       ||     2
       Plate armour      |       |       |    34 |   221 |   445 |   298 |   197 |   187 |    43 ||  1425
Dodge: Dodged            |    51 |    62 |   155 |   371 |   479 |   394 |   248 |   362 |   100 ||  2222
Block: Other             |       |       |       |       |       |       |       |    47 |    11 ||    58

Levels and vault maps discovered:
D:1:      dpeg_arrival_round_b, layout_basic
D:2:      minmay_spotlight, layout_basic, overflow_temple_1_default,
          corexii_leaking_fountain, uniq_sigmund
D:3:      layout_basic, chequers_ecumenical_altar_simple_redux
D:4:      layout_loops_corners, yredelemnul_forgotten_temple_becter,
          chequers_temple_overflow_minitemple, minmay_temple_entry_arrows,
          serial_shops, shop, uniq_grinder
D:5:      kennysheep_windowed_halls, layout_basic, kennysheep_mini_moat,
          tso_metal_star, first_ration
D:6:      layout_cave_pools, old_standard_altar, serial_shops, shop,
          lightli_ossuary_entry_decrepit_ruins
D:7:      layout_basic, old_standard_altar, serial_shops, shop, the_bakery
D:8:      layout_layer_cave, hiddenorc2_lemuel
D:9:      old_forge, layout_stronghold, erik_lair_orcish_takeover,
          nicolae_trove_entry_columns
D:10:     layout_basic, uniq_joseph
D:11:     layout_roguey, erik_vaults_1, xom_confusion_cloud, uniq_frances
D:12:     hangedman_depths_entry_try_elsewhere_first, layout_basic,
          grunt_dithmenos_shadows
Temple:   hc_temple_tempest_star
Lair:1:   beast_lair_carwin_large_1, layout_gridlike, uniq_sonja, uniq_nergalle
Lair:2:   beast_lair_carwin_large_2, layout_big_grid, spider_nest_entry_a,
          minivault_29
Lair:3:   layout_gridlike, bhauth_shoals_entry_nymph_pool, special_room
          [special_room_bee], lightli_volcano_entry_magma_tube,
          chequers_serial_rivers_micro_d, st_stairs_3, uniq_urug, uniq_kirke,
          uniq_rupert
Lair:4:   layout_loops_ring
Lair:5:   layout_cave_pods, dummy_forest_entry, gammafunk_ghost_ooze
Lair:6:   evilmike_catoblepas_cave, layout_layer_cave, gammafunk_ghost_split,
          grunt_megastairs_5, infiniplex_staircase_pool_2
Shoals:1: cheibrodos_shoals_oceanic_diplomacy, layout_shoals,
          gammafunk_ghost_split, uniq_josephine
Shoals:2: layout_shoals, serial_shops, shop, nicolae_shoals_cliffside_cave,
          minmay_shop_mayhem, lemuel_oklob_altar
Shoals:3: shoals_end_grunt_ice, layout_shoals, shoals_ilsuiw_alternative,
          uniq_polyphemus
Spider:1: layout_chambers, spiders_nest_hornet_nest
Spider:2: layout_spider_delve, uniq_azrael, uniq_arachne, uniq_donald,
          uniq_asterion
Spider:3: spider_rune_water
Slime:1:  layout_slime_grid, nicolae_slime_getting_an_eyeful
Slime:2:  cheibrodos_slime_lost_civilization_1, layout_slime_grid
Slime:3:  layout_slime_grid
Slime:4:  layout_slime_grid
Slime:5:  slime_pit_nicolae_inversion
Orc:      st_orc_congregation, layout_diamond_mine, slime_altar_2, serial_shops,
          shop, nicolae_shop_waterfront, shop, shop, guppyfry_library_mini
Vaults:1: v_misc_25, vaults_dpeg_encased_lava, v_misc_24,
          vaults_room_fancy_cross, hangedman_vaults_locks,
          nicolae_vaults_yaktaur_gun_rack, minmay_crypt_entry_necro_gods,
          hangedman_vaults_stagger, vaults_room_stairs_pillars,
          ontoclasm_vaults_bender, vaults_dpeg_diagonal,
          nicolae_vaults_alarming, vaults_standard_mumra_x,
          vaults_room_semicircle, layout_vaults_ring
Vaults:2: gammafunk_vaults_ghost_cemetery, ontoclasm_vaults_pinch, v_misc_17,
          v_alt_pattern_5, ontoclasm_vaults_misaligned, vaults_room_door_hall,
          vaults_mumra_hex, vaults_mumra_chevron_long, v_misc_13,
          hangedman_vaults_capsules, nicolae_vaults_little_squares_5,
          vaults_room_hallway, layout_vaults_omnicross, serial_shops, shop,
          uniq_frederick, uniq_bai_suzhen, uniq_sojobo, uniq_saint_roka
Vaults:3: serial_shops
Forest:1: layout_twisted_forest
Forest:2: layout_twisted_forest
Forest:3: grunt_forest_end_shrine, layout_twisted_forest,
          bh_autumn_forest_stairs
Depths:1: layout_gridville, chequers_serial_rivers_room_b,
          grunt_hell_entry_dis_old, grunt_pan_entry_sceptre,
          minmay_splitting_lines, minmay_misc_feat_nine_boxes,
          serial_bayou_pond_e, chequers_serial_rivers_small_b, minmay_shop_mass,
          okawaru_ov_weapons_minmay, minmay_shop_grove, uniq_enchantress
Depths:2: minmay_the_grid_four_pointed_star
          [minmay_the_grid_triangle_9x9_tough_junction,
          minmay_the_grid_triangle_9x9_stretched_checkered,
          minmay_the_grid_triangle_9x9_corruption,
          minmay_the_grid_triangle_9x9_negative_grid,
          minmay_the_grid_prize_shrinking_boxes], layout_gridlike, hellmouth_1,
          pan_entry, minmay_misc_feat_secret_circle
Depths:3: lemuel_minitomb, layout_honeycomb, pf_vacation_house_of_asmodeus,
          rand_demon_pan_entry_3, nrook_uturn,
          infiniplex_staircase_hallway_doors
Depths:4: hangedman_screamer, layout_gridlike, enter_ziggurat_b,
          hangedman_coc_ice_floe, abyss_entry, grunt_pan_entry_in_and_out,
          fountainhead
Depths:5: grunt_zot_entry_funnels, layout_cave_pools,
          serial_sigils_hangedman_etch, rand_demon_pan_entry_4, abyss_entry,
          hell_entry, minmay_misc_feat_diagonals,
          chequers_serial_rivers_large_a, chequers_decorated_corner
Zot:1:    grunt_twist_and_shout, layout_concentric_octagons,
          grunt_ministairs_14, hangedman_zot_decor_unnerving_road,
          hangedman_zot_decor_tridents, st_small_dragon_hoard_2
Zot:2:    layout_misc_corridors, hangedman_zot_decor_checkerboard
Zot:3:    layout_basic, regret_index_zotdec_tunneler, uniq_tiamat
Zot:4:    layout_concentric_octagons, regret_index_zotdec_decaying_vile,
          grunt_megastairs_1
Zot:5:    layout_basic, st_stairs_3

Table legend:
 A = Turns spent in this place as a percentage of turns spent in the entire game.
 B = Non-inter-level travel turns spent in this place as a percentage of non-inter-level travel turns spent in the entire game.
 C = Inter-level travel turns spent in this place as a percentage of turns spent in this place.
 D = Turns resting spent in this place as a percentage of non-inter-level travel turns spent in this place.
 E = Turns spent auto-exploring this place as a percentage of non-inter-level travel turns spent in this place.
 F = Non-inter-level travel turns spent in this place divided by the number of levels of this place that you've seen.
                   A       B       C       D       E      F
               +-------+-------+-------+-------+-------+----------------------
         Total | 100.0 | 100.0 |  12.3 |  12.3 |  64.7 | 843.2
       Dungeon |  31.7 |  30.7 |  15.3 |   7.5 |  71.8 | 1034.5
        Temple |   0.5 |   0.5 |  12.2 |   0.0 |  95.9 | 195.0
          Lair |  17.2 |  16.3 |  16.8 |   5.4 |  73.1 | 1099.0
        Shoals |   6.2 |   6.5 |   9.0 |   9.1 |  67.9 | 875.3
   Spider Nest |   6.8 |   6.9 |  10.3 |   2.2 |  76.3 | 933.7
    Slime Pits |   4.0 |   4.0 |  13.7 |  19.6 |  51.0 | 321.8
  Orcish Mines |   2.2 |   2.0 |  22.5 |   1.0 |  70.4 | 802.0
        Vaults |  11.3 |  11.2 |  13.4 |   2.7 |  71.7 | 1506.3
Spriggan Forest |   5.7 |   6.2 |   5.1 |  11.5 |  65.7 | 836.0
        Depths |   6.3 |   6.9 |   4.6 |   7.5 |  65.6 | 554.6
           Zot |   7.7 |   8.7 |   1.4 |  69.5 |   6.5 | 702.4
         Trove |   0.3 |   0.3 |   0.0 |   0.0 |   4.1 | 122.0
               +-------+-------+-------+-------+-------+----------------------

Table legend:
 A = Kills in this place as a percentage of kills in entire the game.
 B = Kills by you in this place as a percentage of kills by you in the entire game.
 C = Kills by friends in this place as a percentage of kills by friends in the entire game.
 D = Other kills in this place as a percentage of other kills in the entire game.
 E = Experience gained in this place as a percentage of experience gained in the entire game.
 F = Experience gained in this place divided by the number of levels of this place that you have seen.
                   A       B       C       D       E      F
               +-------+-------+-------+-------+-------+----------------------
         Total | 100.0 | 100.0 | 100.0 | 100.0 | 100.0 | 28085.2
       Dungeon |  19.8 |  19.8 |   8.7 |  46.2 |   4.5 | 5010.1
          Lair |  14.7 |  14.7 |  26.1 |   0.0 |   6.0 | 13501.0
        Shoals |   6.2 |   6.2 |   0.0 |   7.7 |   5.3 | 23616.7
   Spider Nest |   8.8 |   8.7 |  17.4 |   7.7 |   5.6 | 25309.7
    Slime Pits |   5.7 |   5.8 |   0.0 |   0.0 |   6.4 | 17388.4
  Orcish Mines |   5.7 |   5.3 |  47.8 |   0.0 |   1.6 | 21272.0
        Vaults |  17.6 |  17.9 |   0.0 |   0.0 |  25.5 | 114575.7
Spriggan Forest |   6.4 |   6.5 |   0.0 |   7.7 |   7.7 | 34539.7
        Depths |   9.1 |   9.1 |   0.0 |  23.1 |  14.1 | 38023.6
           Zot |   5.9 |   6.0 |   0.0 |   7.7 |  23.3 | 62900.8
               +-------+-------+-------+-------+-------+----------------------
